 Dungeon Crawl Stone Soup version 0.25.1-2-g60ff931df9 (webtiles) character file.

Game seed: 8492752627599282934

8830 funkygono the Cleaver (level 11, 0/97 HPs)
             Began as a Hill Orc Fighter on Aug 6, 2020.
             Was a Believer of Beogh.
             Slain by an eight-headed hydra (2 damage)
             ... on level 8 of the Dungeon on Aug 7, 2020.
             The game lasted 00:24:30 (9607 turns).

funkygono the Cleaver (Hill Orc Fighter)            Turns: 9607, Time: 00:24:31

Health: 0/97       AC: 14    Str: 22    XL:     11   Next: 37%
Magic:  16/16      EV: 11    Int:  8    God:    Beogh [**....]
Gold:   513        SH: 12    Dex: 11    Spells: 10/10 levels left

rFire    + + .     SeeInvis .   G - +4 broad axe (elec)
rCold    x . .     Gourm    .   c - +1 kite shield
rNeg     . . .     Faith    .   J - +1 scale mail {rF+}
rPois    +         Spirit   .   k - +2 hat
rElec    .         Reflect  .   L - +0 cloak {rPois}
rCorr    .         Harm     .   C - +0 pair of gloves
MR       .....                  (no boots)
Stlth    ..........             (no amulet)
HPRegen  0.26/turn              A - ring of fire
MPRegen  0.15/turn              (no ring)

@: no status effects
A: no striking features
a: Smiting, Renounce Religion


You were on level 8 of the Dungeon.
You worshipped Beogh.
Beogh was pleased with you.
You were not hungry.

You visited 1 branch of the dungeon, and saw 9 of its levels.

You collected 513 gold pieces.

Inventory:

Hand Weapons
 o - a +0 hunting sling
 u - a +4 quarterstaff of chaos
 F - a +2 whip of flaming
 G - a +4 broad axe of electrocution (weapon)
 M - a +2 vorpal mace
Missiles
 e - 418 stones (quivered)
 n - 27 bolts
 p - 102 arrows
 K - 18 poisoned darts
Armour
 a - a +0 chain mail
 c - a +1 kite shield (worn)
 k - a +2 hat (worn)
 m - a +1 hat
 C - a +0 pair of gloves (worn)
 H - +1 steam dragon scales
 J - a +1 scale mail of fire resistance (worn)
 L - a +0 cloak of poison resistance (worn)
Jewellery
 A - a ring of fire (left hand)
Wands
 r - a wand of digging (3)
 B - a wand of polymorph (24)
 D - a wand of iceblast (7)
Scrolls
 l - 3 scrolls of remove curse
 t - 8 scrolls of teleportation
 x - 2 scrolls of blinking
 y - 3 scrolls of amnesia
 I - a scroll of identify
Potions
 d - a potion of might
 g - a potion of invisibility
 h - 3 potions of brilliance
 i - a potion of flight
 j - 2 potions of curing
 q - 2 potions of resistance
 s - 2 potions of degeneration
 v - a potion of berserk rage
 w - 2 potions of mutation
 z - 2 potions of magic
 E - a potion of ambrosia
Comestibles
 f - 19 rations


   Skills:
 + Level 9.0 Fighting
 + Level 12.9 Axes
 + Level 9.2 Armour
 + Level 5.3 Dodging
 + Level 0.8 Stealth
 + Level 8.8 Shields
 + Level 7.5 Invocations


You had 10 spell levels left.
You didn't know any spells.
Your spell library was empty.

Dungeon Overview and Level Annotations

Branches:
Dungeon (9/15)             Temple (0/1) D:6            Lair (0/6) D:8
    Orc: D:9-12

Altars:
Elyvilon
Hepliaklqana
Kikubaaqudgha
Nemelex Xobeh
Xom


Message History

You block the eight-headed hydra's attack. x2
The eight-headed hydra bites you but does no damage. x2
There is a stone staircase leading up here.
You block the eight-headed hydra's attack.
The eight-headed hydra misses you.
The eight-headed hydra barely misses you.
The eight-headed hydra bites you but does no damage.
The eight-headed hydra bites you!
* * * LOW HITPOINT WARNING * * *
The eight-headed hydra barely misses you.
The eight-headed hydra bites you but does no damage.
You block the eight-headed hydra's attack.
You climb upwards.
There is a stone staircase leading down here.
The eight-headed hydra bites you!
* * * LOW HITPOINT WARNING * * *
The eight-headed hydra bites you.
* * * LOW HITPOINT WARNING * * *
The eight-headed hydra bites you.
You die...

#.# #..........†......#
#.### #.................#
#...#####.............###..
###................##......
#..####.###.#######.###..
#)......###.# #.###..
##..###......#######.#....
#..## #...##.............#
##.## ##.#@.#######..#..###
#..# #..##D## ##.#..##.
#)## #.###..## ##....###.
##.#####.#
##..####.).......
##.)#.....#
##>........#....
#####..##.#####
#..###..##..... #.........#
##.# #..#...... #.......###
#..###...)..... #......##
#...##...).....


You could see an eight-headed hydra.

Vanquished Creatures
  Harold (D:7)
  Pikel (D:5)
  Maggie (D:7)
  2 hippogriffs
  2 dream sheep (D:9)
  2 wyverns (D:8)
  Eustachio (D:5)
  2 yaks (D:9)
  A steam dragon (D:8)
  A hungry ghost (D:8)
  A water moccasin (D:7)
  A black bear (D:7)
  4 sky beasts
  An ice beast (D:7)
  A necrophage (D:7)
  2 centaurs
  A crocodile (D:8)
  5 big kobolds
  4 bullfrogs
  2 water moccasin zombies
  4 scorpions
  5 killer bees (D:7)
  3 wights (D:8)
  4 howler monkeys
  5 crimson imps
  A bullfrog zombie (D:6)
  A centaur zombie (D:6)
  4 orc priests
  3 hounds
  4 orc wizards
  Crazy Yiuf (D:7)
  A centaur skeleton (D:8)
  4 iguanas
  Ijyb (D:5)
  Jessica (D:2)
  2 bullfrog skeletons (D:7)
  7 worker ants
  A hound skeleton (D:6)
  2 worker ant zombies (D:8)
  11 adders
  5 gnolls
  A shadow imp (D:7)
  2 adder skeletons (D:8)
  3 adder zombies
  2 worms (D:2)
  2 dart slugs (D:1)
  4 leopard geckos
  14 orcs
  5 giant cockroaches
  9 goblins
  10 hobgoblins
  18 jackals
  7 quokkas
  A ball python (D:2)
  4 bats
  4 frilled lizards
  48 kobolds
  A leopard gecko zombie (D:6)
  6 rats
  A fungus (D:7)
248 creatures vanquished.

Vanquished Creatures (others)
  A crimson imp (D:5)
1 creature vanquished.

Grand Total: 249 creatures vanquished

Notes
Turn   | Place    | Note
-------+----------+-------------------------------------------
     0 | D:1      | funkygono the Hill Orc Fighter began the quest for the Orb.
     0 | D:1      | Reached XP level 1. HP: 19/19 MP: 1/1
   211 | D:1      | Reached XP level 2. HP: 21/27 MP: 2/2
   777 | D:1      | Reached XP level 3. HP: 33/33 MP: 3/3
   935 | D:2      | Reached skill level 3 in Axes
  1144 | D:2      | Noticed Jessica
  1154 | D:2      | Killed Jessica
  1154 | D:2      | Reached XP level 4. HP: 36/40 MP: 4/4
  1577 | D:2      | Reached skill level 4 in Axes
  1730 | D:2      | Found a faded altar of an unknown god.
  2154 | D:3      | Reached XP level 5. HP: 46/46 MP: 5/5
  2301 | D:3      | Became a worshipper of Beogh the Brigand
  3178 | D:4      | Reached skill level 5 in Axes
  3178 | D:4      | Reached skill level 1 in Dodging
  3178 | D:4      | Reached XP level 6. HP: 27/53 MP: 6/6
  3506 | D:4      | Reached skill level 6 in Axes
  3820 | D:4      | Found a white marble altar of Elyvilon.
  3858 | D:4      | Reached XP level 7. HP: 57/60 MP: 7/7
  4045 | D:4      | Reached * piety under Beogh
  4190 | D:4      | Reached skill level 5 in Armour
  4190 | D:4      | Reached skill level 5 in Shields
  4195 | D:4      | Reached skill level 7 in Axes
  4519 | D:4      | Reached ** piety under Beogh
  4796 | D:5      | Entered Level 5 of the Dungeon
  4968 | D:5      | Noticed Ijyb
  5001 | D:5      | Killed Ijyb
  5277 | D:5      | Noticed Eustachio
  5341 | D:5      | Killed Eustachio
  5341 | D:5      | Reached skill level 5 in Fighting
  5341 | D:5      | Reached XP level 8. HP: 53/68 MP: 8/8
  5536 | D:5      | Reached skill level 8 in Axes
  5785 | D:5      | Noticed Pikel
  5805 | D:5      | Killed Pikel
  5805 | D:5      | Reached skill level 9 in Axes
  5805 | D:5      | Reached skill level 1 in Invocations
  6670 | D:6      | Reached XP level 9. HP: 73/75 MP: 9/9
  6714 | D:6      | Found a staircase to the Ecumenical Temple.
  7352 | D:6      | Reached skill level 11 in Axes
  7352 | D:6      | Reached XP level 10. HP: 90/90 MP: 10/14
  7439 | D:7      | Noticed Maggie
  7451 | D:7      | Killed Maggie
  7723 | D:7      | Reached skill level 5 in Dodging
  7912 | D:7      | Found a hazy altar of Hepliaklqana.
  7915 | D:7      | Found a shimmering altar of Xom.
  7918 | D:7      | Found a sparkling altar of Nemelex Xobeh.
  7921 | D:7      | Found an ancient bone altar of Kikubaaqudgha.
  8127 | D:7      | Noticed Harold
  8147 | D:7      | Killed Harold
  8147 | D:7      | Reached skill level 12 in Axes
  8478 | D:7      | Found a runed translucent door.
  8479 | D:7      | Noticed Crazy Yiuf
  8483 | D:7      | Killed Crazy Yiuf
  8645 | D:8      | Reached XP level 11. HP: 95/95 MP: 15/15
  8787 | D:8      | Found a staircase to the Lair.
  9581 | D:9      | Noticed a three-headed hydra
  9607 | D:8      | HP: 2/97 [eight-headed hydra (5)]
  9607 | D:8      | Slain by an eight-headed hydra

Illustrated notes

Levels and vault maps discovered:
D:1:      mrwooster_arrival_arrow, layout_loops_ring
D:2:      layout_basic, first_ration, chequers_ecumenical_altar_island,
          uniq_jessica
D:3:      layout_basic, minmay_strange_pillars
D:4:      minmay_goblin_kobold_castle, layout_loops_cross,
          overflow_temple_1_default
D:5:      layout_basic, uniq_ijyb, uniq_eustachio, uniq_pikel
D:6:      layout_loops_ring, minmay_temple_entry_mist
D:7:      layout_rooms, grunt_temple_overflow_cloverleaf, uniq_maggie,
          uniq_crazy_yiuf_cottage, uniq_harold
D:8:      layout_rooms, erik_lair_dragon
D:9:      layout_irregular_city, zombieorc2_lemuel, basic_altar, hangedman_ranch
          [blue_anna_fruit_fields]

Skill      XL: |  1  2  3  4  5  6  7  8  9 10 11 |
---------------+----------------------------------+-----
Axes           | 3 4 5 6 7 9 11 12 | 12.9
Fighting       | 4 5 6 8 9 |  9.0
Armour         | 4 5 6 8 9 |  9.2
Shields        | 4 5 6 8 |  8.8
Dodging        | 1 2 4 5 |  5.3
Invocations    | 1 6 7 |  7.5
Stealth        | |  0.8

Action                   |  1- 3 |  4- 6 |  7- 9 | 10-12 || total
-------------------------+-------+-------+-------+-------++-------
Melee: War axe           |    92 |   257 |   268 |       ||   617
       Unarmed           |       |       |    26 |       ||    26
       Broad axe         |       |       |    58 |   199 ||   257
Invok: Convert to Beogh  |       |     1 |       |       ||     1
       Smiting           |       |       |     7 |    14 ||    21
  Use: Scroll            |     5 |     5 |    11 |     4 ||    25
       Potion            |       |       |     1 |       ||     1
  Eat: Chunk             |     1 |     9 |     5 |     9 ||    24
       Ration            |       |       |     2 |       ||     2
Armor: Scale mail        |    45 |   110 |   175 |    73 ||   403
Dodge: Dodged            |    29 |    72 |   120 |    81 ||   302
Block: Kite shield       |    56 |   122 |   173 |   128 ||   479
